 Dungeon Crawl Stone Soup version 0.17.2-1-ge4368a0 (webtiles) character file.

3490 Goblin1989 the Grappler (level 9, 0/82 HPs)
             Began as a Minotaur Monk on Nov 10, 2017.
             Was an Initiate of Gozag.
             Slain by Erica
             ... wielding a +4 scimitar of flaming
              (1 damage)
             ... on level 8 of the Dungeon.
             The game lasted 00:16:55 (7407 turns).

Goblin1989 the Grappler (Minotaur Monk)             Turns: 7407, Time: 00:16:55

Health: 0/82       AC:  9    Str: 22    XL:     9   Next: 80%
Magic:  8/8        EV:  8    Int:  7    God:    Gozag
Gold:   989        SH: 16    Dex: 14    Spells: 0 memorised, 8 levels left

rFire  + . .     SeeInvis .       - Unarmed
rCold  + . .     Clarity  .     C - +0 scale mail
rNeg   . . .     SustAt   .     s - +0 large shield
rPois  +         Gourm    .     n - +0 hat
rElec  +         Spirit   .     N - +1 cloak
rCorr  +         Warding  .     (no gloves)
rMut   .         Stasis   .     (no boots)
MR     .....                    (no amulet)
Stlth  ..........               (no ring)
                                I - +4 ring of strength

@: resistant, flying, not resistant to hostile enchantments, extremely
unstealthy
A: retaliatory headbutt, horns 2
a: Potion Petition, Call Merchant, Bribe Branch, Renounce Religion


You were on level 8 of the Dungeon.
You worshipped Gozag.
Gozag was noncommittal.
You were near starving.

You visited 2 branches of the dungeon, and saw 9 of its levels.

You collected 989 gold pieces.

Inventory:

Hand Weapons
 t - a +1 hunting sling of flaming
 v - a +2 dagger of venom
 x - a +0 short sword of speed
 A - the +9 long sword of Nosud {freeze, rF+ Stlth+}
   (You found it on level 5 of the Dungeon)

   It has been specially enchanted to freeze those struck by it, causing extra
   injury to most foes and up to half again as much damage against particularly
   susceptible opponents.
   It can also slow down cold-blooded creatures.
   It protects you from fire.
   It makes you more stealthy.
Missiles
 f - 295 stones (quivered)
 q - 39 sling bullets
Armour
 n - a +0 hat (worn)
 s - a +0 large shield (worn)
 C - a +0 scale mail (worn)
 H - the +3 leather armour of Cocytus {+Blink Str+4}
   (You found it on level 6 of the Dungeon)

   It affects your strength (+4).
   It lets you blink.
 N - a +1 cloak (worn)
Jewellery
 I - a +4 ring of strength (left hand)
 L - a cursed ring of loudness {unknown}
Wands
 E - a wand of enslavement (10)
 G - a wand of frost (31)
 K - a wand of disintegration (6)
Scrolls
 a - a scroll of vulnerability {unknown}
 b - a scroll of enchant armour {unknown}
 d - 5 scrolls of identify {unknown}
 h - a scroll of amnesia {unknown}
 l - 5 scrolls of remove curse {unknown}
 m - a scroll of fear {unknown}
 r - a scroll of fog {unknown}
 u - a scroll of immolation {unknown}
 w - a scroll of enchant weapon {unknown}
 y - 2 scrolls of random uselessness {unknown}
 D - 2 scrolls of magic mapping {unknown}
 F - a scroll of noise {unknown}
 T - 3 scrolls of teleportation {@r3, !r}
Potions
 g - a potion of haste {unknown}
 i - a potion of resistance {unknown}
 k - 3 potions of lignification {unknown}
 o - 2 potions of heal wounds {unknown}
 p - 2 potions of curing {@q1}
 z - a potion of degeneration {unknown}
 B - 3 potions of mutation {unknown}
 J - a potion of cancellation {unknown}
 M - a potion of invisibility {unknown}
Books
 O - a Grand Grimoire

   Spells                             Type                      Level
   a - Monstrous Menagerie            Summoning                    6
   b - Summon Greater Demon           Summoning                    7
   c - Malign Gateway                 Summoning/Translocation      7
   d - Summon Horrible Things         Summoning                    8
Comestibles
 c - a meat ration {@e2}
 e - 6 bread rations {@e1}
 j - 2 beef jerkies


   Skills:
 + Level 8.8 Fighting
 + Level 5.3 Armour
 + Level 4.2 Dodging
 - Level 1.5 Stealth
 + Level 7.8 Shields
 + Level 10.7 Unarmed Combat


You had 8 spell levels left.
You didn't know any spells.

Dungeon Overview and Level Annotations

Branches:
Dungeon (8/15)             Temple (1/1) D:6
   Lair: D:8-11

Altars:
Ashenzari
Cheibriados
Dithmenos
Elyvilon
Fedhas
Gozag
Kikubaaqudgha
Makhleb
Nemelex Xobeh
Okawaru
Qazlal
Ru
Sif Muna
Vehumet
Xom
Yredelemnul
Zin
The Shining One

Annotations:
D:4 Eustachio
D:8 Erica


Innate Abilities, Weirdness & Mutations

You reflexively headbutt those who attack you in melee.
You have a pair of horns on your head.


Message History

Erica casts a spell.
Erica flickers and vanishes!
Deactivating autopickup; reactivate with Ctrl-A.
You hit the orc warrior.
The orc warrior is poisoned.
The orc warrior is lightly wounded.
You block the orc warrior's attack.
You hit the orc warrior but do no damage.
You headbutt the orc warrior, but do no damage.
The orc warrior is lightly wounded.
The orc warrior hits you with a short sword!
You take 7 damage, and have 67/82 hp.
You hit the orc warrior but do no damage.
The orc warrior looks even sicker.
The orc warrior is lightly wounded.
The orc wizard casts a spell.
The orc wizard flickers and vanishes!
The orc warrior closely misses you. The orc is distracted by your gold.
You hit the orc warrior but do no damage.
The orc warrior is severely wounded.
You block the orc warrior's attack.
Your +2 dagger of venom stops dripping with poison.
You are now empty-handed.
The orc warrior hits you with a short sword!
You take 13 damage, and have 57/82 hp.
A giant frog zombie comes into view.
The orc warrior barely misses you. You furiously retaliate!
You headbutt the orc warrior, but do no damage.
You punch the orc warrior!
You kill the orc warrior!
The giant frog zombie hits you but does no damage.
You hear some strange, mumbled words.
A bolt of poison appears from out of thin air!
The bolt of poison hits you!
You are poisoned.
The bolt of poison hits the giant frog zombie.
The giant frog zombie completely resists.
The giant frog zombie hits you.
Things that are here:
5 gold pieces; a short sword; a plate armour You take 16 damage, and have 42/82 hp.
You feel sick.
You take 1 damage, and have 41/82 hp.
You miss something. You headbutt something.
You feel sick.
You hear some strange, mumbled words.
Something tries to affect you, but you resist.
You block the giant frog zombie's attack.
You take 1 damage, and have 40/82 hp.
You closely miss something.
The giant frog zombie hits you but does no damage.
Something hits you.
* * * LOW HITPOINT WARNING * * *
Something burns you.
* * * LOW HITPOINT WARNING * * *
You take 5 damage, and have 35/82 hp.
You hit something. You headbutt something!
You feel sick.
You block the giant frog zombie's attack.
Something hits you.
* * * LOW HITPOINT WARNING * * *
Something burns you.
* * * LOW HITPOINT WARNING * * *
You take 8 damage, and have 27/82 hp.
You barely miss something.
You feel sick.
You block the giant frog zombie's attack.
The giant frog zombie barely misses you.
You block its attack.
You take 1 damage, and have 26/82 hp.
Unknown command.
You miss something. Your headbutt misses something.
You feel sick.
The giant frog zombie hits you but does no damage.
Unknown command.
You punch something! You headbutt something.
You hear some strange, mumbled words.
A bolt of poison appears from out of thin air!
The bolt of poison hits you!
You are more poisoned.
* * * LOW HITPOINT WARNING * * *
The bolt of poison hits the giant frog zombie.
The giant frog zombie completely resists.
The giant frog zombie hits you.
* * * LOW HITPOINT WARNING * * *
You take 21 damage, and have 5/82 hp.
O_OOPS!!
MASSIVE DAMAGE!!
Unknown command.
Drink which item? (? for menu, Esc to quit)
You feel better. Something hits you but does no damage.
The giant frog zombie hits you but does no damage.
You regained 5 hp, and now have 10/82 hp.
Unknown command.
Okay, then. [a] - 0 gold - haste, brilliance and resistance [b] - 0 gold - resistance, flight, curing and magic [c] - 0 gold - resistance, invisibility and agility Purchase which effect?
You feel protected.
You feel very buoyant.
You fly up into the air.
You feel better. Magic courses through your body.
You block the giant frog zombie's attack.
Something hits you!
* * * LOW HITPOINT WARNING * * *
Something burns you.
You die...
Your body crumbles into a pile of gold.

█.█ ... █.█████ █.█
.█... .█.████.█...█
█.█ ....
█......█...█ █.█
... █████..█...█
..██ █......█ ..█
██.....█ █.█
██.....█
███.███████..█...█
█....Z@.o....█...█
█..█.████████.█████
█... █.█ █.█ █..
..█ █.██ █. ██.█
█..█ █. █.. ██.█ .
█.█ █.█ █.█


█o█ █.█ You could see an orc and a giant frog zombie.

Vanquished Creatures
  Pikel (D:4)
  Maurice (D:8)
  A deep elf mage (D:7)
  A hungry ghost (D:7)
  An orc warrior (D:8)
  A sky beast (D:7)
  3 ice beasts
  4 slaves (D:4)
  5 centaurs
  3 ogres
  A wyvern skeleton (D:7)
  A scorpion (D:5)
  3 crimson imps
  3 orc priests
  A giant frog skeleton (D:4)
  Crazy Yiuf (D:7)
  Ijyb (D:2)
  A hound (D:4)
  6 jellies
  Jessica (D:3)
  3 orc wizards
  An iron imp (D:8)
  Natasha (twice) (D:4)
  2 iguanas
  5 worker ants
  A hound zombie (D:6)
  A worker ant zombie (D:6)
  11 adders
  3 gnolls (D:6)
  3 shadow imps
  2 oozes
  An adder zombie (D:6)
  4 worms
  A giant gecko (D:8)
  15 orcs
  5 bats
  4 giant cockroaches
  5 goblins
  6 hobgoblins
  12 jackals
  8 kobolds
  3 quokkas
  3 ball pythons (D:1)
  2 giant gecko skeletons
  6 giant newts
  A goblin skeleton (D:8)
  3 hobgoblin zombies (D:8)
  6 kobold skeletons (D:8)
  3 kobold zombies (D:8)
  An orc skeleton (D:8)
  An orc zombie (D:8)
  9 rats
173 creatures vanquished.

Notes
Turn   | Place    | Note
--------------------------------------------------------------
     0 | D:1      | Goblin1989 the Minotaur Monk began the quest for the Orb.
     0 | D:1      | Reached XP level 1. HP: 19/19 MP: 0/0
   200 | D:1      | Reached XP level 2. HP: 20/26 MP: 1/1
   216 | D:1      | Reached skill level 5 in Unarmed Combat
   684 | D:2      | Reached XP level 3. HP: 26/31 MP: 2/2
   752 | D:2      | Noticed Ijyb
   763 | D:2      | Killed Ijyb
   763 | D:2      | Reached skill level 6 in Unarmed Combat
  1076 | D:2      | Found a basalt altar of Yredelemnul.
  1156 | D:2      | Reached XP level 4. HP: 23/39 MP: 3/3
  1593 | D:3      | Noticed Jessica
  1596 | D:3      | Killed Jessica
  1683 | D:3      | Reached XP level 5. HP: 39/45 MP: 4/4
  1744 | D:3      | Reached skill level 7 in Unarmed Combat
  2398 | D:3      | Found a sacrificial altar of Ru.
  2775 | D:4      | Noticed Eustachio
  2840 | D:4      | Reached skill level 8 in Unarmed Combat
  2840 | D:4      | Reached XP level 6. HP: 38/52 MP: 5/5
  3018 | D:4      | Noticed a slave
  3018 | D:4      | Noticed a slave
  3018 | D:4      | Noticed a slave
  3019 | D:4      | Noticed a slave
  3033 | D:4      | Killed a slave
  3039 | D:4      | Killed a slave
  3043 | D:4      | HP: 1/52 [slave[Pikel] (5)]
  3046 | D:4      | Noticed Pikel
  3350 | D:4      | Found an ancient bone altar of Kikubaaqudgha.
  3387 | D:4      | Reached skill level 1 in Shields
  3678 | D:4      | Noticed Natasha
  3682 | D:4      | Killed Natasha
  3843 | D:4      | Noticed Natasha
  3861 | D:4      | Killed Natasha
  4114 | D:4      | Killed a slave
  4209 | D:4      | Killed a slave
  4229 | D:4      | Killed Pikel
  4229 | D:4      | Reached skill level 5 in Fighting
  4229 | D:4      | Reached skill level 9 in Unarmed Combat
  4229 | D:4      | Reached XP level 7. HP: 26/62 MP: 6/6
  4494 | D:5      | Entered Level 5 of the Dungeon
  4501 | D:5      | Reached XP level 8. HP: 55/70 MP: 7/7
  4515 | D:5      | Got a crude long sword
  4516 | D:5      | Identified the +9 long sword of Nosud {freeze, rF+ Stlth+} (You found it on level 5 of the Dungeon)
  4712 | D:5      | Reached skill level 5 in Shields
  5328 | D:6      | Found a staircase to the Ecumenical Temple.
  5357 | Temple   | Entered the Ecumenical Temple
  5363 | Temple   | Became a worshipper of Gozag Ym Sagoz the Greedy
  5383 | D:6      | Found a deep blue altar of Sif Muna.
  5394 | D:6      | Found a shattered altar of Ashenzari.
  5448 | D:6      | Reached skill level 1 in Armour
  5580 | D:6      | Found a glowing silver altar of Zin.
  5581 | D:6      | Noticed an angel
  5588 | D:6      | Found a shimmering altar of Xom.
  5602 | D:6      | Got a jewelled leather armour
  5952 | D:6      | Found a blossoming altar of Fedhas.
  6039 | D:7      | Found a burning altar of Makhleb.
  6056 | D:7      | Identified the +3 leather armour of Cocytus {+Blink Str+4} (You found it on level 6 of the Dungeon)
  6299 | D:7      | Reached skill level 10 in Unarmed Combat
  6328 | D:7      | Found a radiant altar of Vehumet.
  6381 | D:7      | Reached XP level 9. HP: 69/80 MP: 8/8
  6841 | D:7      | Noticed Crazy Yiuf
  6849 | D:7      | Killed Crazy Yiuf
  7094 | D:8      | Found a glowing golden altar of the Shining One.
  7213 | D:8      | Noticed Maurice
  7235 | D:8      | Killed Maurice
  7258 | D:8      | Reached skill level 5 in Armour
  7375 | D:8      | Noticed Erica
  7407 | D:8      | HP: 1/82 [something (14)]
  7407 | D:8      | Slain by Erica

Action                   |  1- 3 |  4- 6 |  7- 9 || total
-------------------------+-------+-------+-------++-------
Melee: Unarmed           |    84 |   167 |   268 ||   519
       Dagger            |       |       |     4 ||     4
Throw: Stone             |       |     1 |       ||     1
Invok: Potion Petition   |       |       |     1 ||     1
  Use: Scroll            |       |       |     1 ||     1
       Potion            |       |       |     1 ||     1
 Stab: Sleeping          |     6 |     4 |       ||    10
  Eat: Chunk             |       |    10 |     3 ||    13
       Fruit             |       |       |     7 ||     7
       Pizza             |       |       |     1 ||     1

Vault maps used:
D:1:      dpeg_arrival_erosion
D:2:      nicolae_overflow_crystal_walls, first_bread,
          kennysheep_generic_room_9, uniq_iyjb
D:3:      nicolae_ru_path_of_blood, uniq_jessica
D:4:      kennysheep_little_box, uniq_natasha, uniq_eustachio, uniq_pikel
D:6:      grunt_temple_overflow_open, grunt_temple_overflow_order_and_chaos_1,
          minmay_temple_entry_grid, fedhas_altar_1
D:7:      bloody_makhleb, vehumet_crystals, uniq_crazy_yiuf_cottage
D:8:      nicolae_tso_besieged_by_evil, trog_ov_bears_minmay, uniq_erica,
          uniq_maurice
Temple:   temple_eino_lava_8
